 Dungeon Crawl Stone Soup version 0.21.0-24-g2553a3340b (webtiles) character file.

136 MalkierKing the Shield-Bearer (level 4, -1/41 HPs)
             Began as a Minotaur Fighter on Jan 21, 2018.
             Killed from afar by a white imp (2 damage)
             ... with a puff of frost
             ... summoned by Natasha
             ... on level 2 of the Dungeon.
             The game lasted 00:04:40 (1412 turns).

MalkierKing the Shield-Bearer (Minotaur Fighter)    Turns: 1412, Time: 00:04:40

Health: -1/41      AC:  6    Str: 22    XL:     4   Next: 98%
Magic:  3/3        EV:  7    Int:  5    God:
Gold:   60         SH:  9    Dex:  9    Spells: 3/3 levels left

rFire    . . .     SeeInvis .   a - +0 war axe
rCold    + . .     Gourm    .   c - +0 shield
rNeg     . . .     Faith    .   b - +0 scale mail
rPois    .         Spirit   .   (helmet restricted)
rElec    .         Reflect  .   (no cloak)
rCorr    .         Harm     .   (no gloves)
MR       .....                  (no boots)
Stlth    ..........             (no amulet)
HPRegen  0.13/turn              j - ring of protection from cold
MPRegen  0.08/turn              (no ring)

@: slowed, drained, very slow
A: retaliatory headbutt, horns 2
a: no special abilities


You were on level 2 of the Dungeon.
You were not hungry.

You visited 1 branch of the dungeon, and saw 2 of its levels.

You collected 60 gold pieces.

Inventory:

Hand Weapons
 a - a +0 war axe (weapon)
Missiles
 n - 4 tomahawks (quivered)
Armour
 b - a +0 scale mail (worn)
 c - a +0 shield (worn)
Jewellery
 i - an uncursed ring of ice
 j - a ring of protection from cold (left hand)
Scrolls
 e - 5 scrolls of identify {unknown}
 k - a scroll of teleportation {unknown}
 o - 2 scrolls of remove curse {unknown}
Potions
 d - 3 potions of might
 g - a potion of brilliance {unknown}
 h - a potion of resistance {unknown}
 l - a potion of haste {unknown}
 m - a potion of degeneration {unknown}
 p - a potion of ambrosia {unknown}
 r - a potion of curing {unknown}
Comestibles
 f - 3 rations
 q - 3 chunks of flesh


   Skills:
 + Level 4.4(3.7) Fighting
 + Level 4.2(3.5) Axes
 + Level 4.3(3.6) Armour
 + Level 4.6(3.9) Shields


You had 3 spell levels left.
You didn't know any spells.

Dungeon Overview and Level Annotations

Branches:
Dungeon (2/15)

Altars:
Kikubaaqudgha

Annotations:
D:2 Natasha


Innate Abilities, Weirdness & Mutations

You reflexively headbutt those who attack you in melee.
You have a pair of horns on your head.


Message History

The white imp hits you. The white imp freezes you. You resist.
* * * LOW HITPOINT WARNING * * *
Natasha casts a spell at you. You resist with some effort.
You barely miss Natasha.
Natasha is moderately wounded.
You barely miss the white imp. The white imp hits you.
* * * LOW HITPOINT WARNING * * *
The white imp freezes you. You resist.
* * * LOW HITPOINT WARNING * * *
Natasha claws you.
* * * LOW HITPOINT WARNING * * *
The white imp gestures at you. The puff of frost hits you! You resist.
* * * LOW HITPOINT WARNING * * *
Natasha claws you.
* * * LOW HITPOINT WARNING * * *
The white imp gestures at you. The puff of frost hits you! You resist.
You die...

#..........#..#.#####.#......
#............##.# ....#....#.
##........#####.#..##.....##.
##........## ...#............
#..........##.###..# #(†...
#..........#.. #..# #.<%..
#(.........#5###..# ###.#.
#...(......#h##...# #.#.
#..........5@...## #...
##..........)....#########...
##......###.###.............
#####..#($.[ #.#######.....
#..##...##.# ##........
##.#....(#.###..##.....
####)#######..........###
#...................#####
#............###.......)#


You could see Natasha and 2 white imps.

Vanquished Creatures
  Natasha (twice) (D:2)
  An adder (D:2)
  3 oozes
  3 worms (D:2)
  2 leopard geckos
  9 bats
  4 giant cockroaches
  A goblin (D:2)
  3 hobgoblins
  9 jackals
  7 kobolds
  3 frilled lizards (D:1)
  7 rats
  A fungus (D:1)
55 creatures vanquished.

Notes
Turn   | Place    | Note
-------+----------+-------------------------------------------
     0 | D:1      | MalkierKing the Minotaur Fighter began the quest for the Orb.
     0 | D:1      | Reached XP level 1. HP: 19/19 MP: 0/0
   213 | D:1      | Reached XP level 2. HP: 21/27 MP: 1/1
   777 | D:2      | Reached XP level 3. HP: 31/33 MP: 2/2
  1096 | D:2      | Found an ancient bone altar of Kikubaaqudgha.
  1131 | D:2      | Noticed Natasha
  1143 | D:2      | Killed Natasha
  1143 | D:2      | Reached XP level 4. HP: 23/41 MP: 3/3
  1317 | D:2      | Noticed Natasha
  1321 | D:2      | Killed Natasha
  1401 | D:2      | Noticed Natasha
  1412 | D:2      | HP: 1/41 [Natasha (6)]
  1412 | D:2      | Killed from afar by a white imp

Skill      XL: |  1  2  3  4 |
---------------+-------------+-----
Shields        | 4 |  4.6
Fighting       | 4 |  4.4
Axes           | 3 4 |  4.2
Armour         | 4 |  4.3

Action                   |  1- 3 |  4- 6 || total
-------------------------+-------+-------++-------
Melee: War axe           |   112 |    21 ||   133
       Headbutt          |     9 |     3 ||    12
  Eat: Chunk             |     1 |     1 ||     2
Armor: Scale mail        |    64 |    16 ||    80
Dodge: Dodged            |    49 |     7 ||    56
Block: Shield            |    79 |    14 ||    93
